 Dungeon Crawl Stone Soup version 0.21.1-1-g345015fe64 (webtiles) character file.

20 Ivernyr the Chucker (level 2, 0/28 HPs)
             Began as an Ogre Arcane Marksman on Apr 18, 2018.
             Slain by a kobold
             ... wielding a +0 short sword
              (3 damage)
             ... on level 2 of the Dungeon.
             The game lasted 00:04:32 (1774 turns).

Ivernyr the Chucker (Ogre Arcane Marksman)          Turns: 1774, Time: 00:04:33

Health: 0/28       AC:  3    Str: 13    XL:     2   Next: 79%
Magic:  4/4        EV: 10    Int: 14    God:
Gold:   97         SH:  0    Dex:  9    Spells: 2/3 levels left

rFire    . . .     SeeInvis .   (no weapon)
rCold    . . .     Gourm    .   (no shield)
rNeg     . . .     Faith    .   a - +0 robe
rPois    .         Spirit   .   (helmet restricted)
rElec    .         Reflect  .   (no cloak)
rCorr    .         Harm     .   (gloves unavailable)
MR       .....                  (boots unavailable)
Stlth    +.........             (no amulet)
HPRegen  0.09/turn              (no ring)
MPRegen  0.09/turn              (no ring)

@: no status effects
A: large, unfitting armour, tough skin 1
a: no special abilities


You were on level 2 of the Dungeon.
You were very hungry.

You visited 1 branch of the dungeon, and saw 2 of its levels.

You collected 97 gold pieces.

Inventory:

Missiles
 c - 3 large rocks (quivered)
 d - 2 throwing nets
Armour
 a - a +0 robe (worn)
Scrolls
 e - a scroll of remove curse {unknown}
 h - 2 scrolls of identify {unknown}
 k - a scroll of random uselessness {unknown}
 l - a scroll of fear {unknown}
 n - a scroll of immolation {unknown}
Potions
 g - a potion of heal wounds {unknown}
 i - a potion of might {unknown}
 j - a potion of degeneration {unknown}
 m - a potion of invisibility {unknown}
Books
 b - a book of Debilitation

   Spells                             Type                      Level
   a - Corona                         Hexes                        1
   b - Slow                           Hexes                        2
   c - Inner Flame                    Hexes/Fire                   3
   d - Portal Projectile              Hexes/Translocation          3
   e - Cause Fear                     Hexes                        4
   f - Leda's Liquefaction            Hexes/Earth                  4
Comestibles
 f - 2 rations


   Skills:
 + Level 2.1 Fighting
 * Level 2.7 Throwing
 - Level 2.0 Dodging
 + Level 1.4 Spellcasting
 - Level 2.6 Hexes


You had 2 spell levels left.
You knew the following spells:

 Your Spells              Type           Power        Failure   Level  Hunger
a - Corona                Hex            #......      9%          1    ##.....


Dungeon Overview and Level Annotations

Branches:
Dungeon (2/15)

Altars:
Kikubaaqudgha


Innate Abilities, Weirdness & Mutations

You are too large for most types of armour.
You have tough skin. (AC +1)


Message History

You hit the kobold.
The kobold is heavily wounded.
The kobold hits you with a short sword.
* * * LOW HITPOINT WARNING * * *
You closely miss the kobold.
The kobold is heavily wounded.
The kobold barely misses you.
You closely miss the kobold.
The kobold is heavily wounded.
The kobold hits you with a short sword.
* * * LOW HITPOINT WARNING * * *
Throwing (i - inventory. (,) - cycle):
c - 4 large rocks (quivered)
Press: ? - help, Shift-Dir - straight line, f - kobold
Aim: a kobold, wielding a short sword (heavily wounded)
You throw a large rock.
The large rock barely misses the kobold.
The kobold hits you with a short sword.
* * * LOW HITPOINT WARNING * * *
The kobold hits you with a short sword.
You die...

.............≈≈≈....#
.............≈s≈≈..#
.....).......≈≈≈...##
........#.K.≈≈≈rl≈..#
........#....≈...)≈.#
..........K.⌠.)..._.#
.........#....##....
..........#.########.#
!.........#(..K@..$..#
......s...#.#####..#
.....#....#.(.
..##..........
..#.....!......#
............(.#
...............#
###...........##


You could see a giant cockroach (wandering) and a kobold.

Vanquished Creatures
  A dart slug (D:1)
  2 giant cockroaches (D:1)
  A goblin (D:1)
  4 kobolds (D:1)
  3 bats (D:1)
  4 frilled lizards
  2 rats
17 creatures vanquished.

Notes
Turn   | Place    | Note
-------+----------+-------------------------------------------
     0 | D:1      | Ivernyr the Ogre Arcane Marksman began the quest for the Orb.
     0 | D:1      | Reached XP level 1. HP: 19/19 MP: 2/2
   528 | D:1      | Reached XP level 2. HP: 27/28 MP: 1/3
  1739 | D:2      | Found an ancient bone altar of Kikubaaqudgha.
  1774 | D:2      | Slain by a kobold

Skill      XL: |  1  2 |
---------------+-------+-----
Dodging        | 2 |  2.0
Fighting       | 2 |  2.1
Throwing       | |  2.7
Spellcasting   | |  1.4
Hexes          | |  2.6

Action                   || total
-------------------------++-------
Melee: Unarmed           ||   125
Throw: Large rock        ||     1
 Cast: Corona            ||    17
  Eat: Chunk             ||     2
Armor: Robe              ||    45
Dodge: Dodged            ||    65
